 Dungeon Crawl Stone Soup version 0.14-a0-817-g3f7b0b1 (webtiles) character file.

124 Malachi the Practitioner (level 3, -5/30 HPs)
             Began as a Hill Orc Healer on Nov 12, 2013.
             Was a Believer of Elyvilon.
             Slain by Sigmund
             ... wielding a +0,+0 scythe
              (7 damage)
             ... on Level 2 of the Dungeon.
             The game lasted 00:02:41 (1882 turns).

Malachi the Practitioner (Hill Orc Healer)          Turns: 1882, Time: 00:02:41

HP  -5/30        AC  5     Str 15      XL: 3   Next: 14%
MP   2/6         EV 16     Int 12      God: Elyvilon [**....]
Gold 96          SH  0     Dex 15      Spells:  0 memorised,  2 levels left

Res.Fire  : . . .   See Invis. : .   r - +2,+0 dwarf hand axe
Res.Cold  : . . .   Warding    : .   f - +2 elf leather armour
Life Prot.: . . .   Conserve   : .   (no shield)
Res.Poison: .       Res.Corr.  : .   (no helmet)
Res.Elec. : .       Clarity    : .   (no cloak)
Sust.Abil.: . .     Spirit.Shd : .   (no gloves)
Res.Mut.  : .       Stasis     : .   (no boots)
Res.Rott. : .       Flight     : .   (no amulet)
Saprovore : + . .                    (no ring)
                                     h - ring of protection from magic {unknown}

@: agile, slowed, very slow, somewhat resistant to hostile enchantments, fairly
stealthy
A: saprovore 1
a: Lesser Healing, Lesser Self-Healing, Divine Protection, Purification,
Renounce Religion


You were on level 2 of the Dungeon.
You worshipped Elyvilon.
Elyvilon was pleased with you.
You were near starving.

You visited 1 branch of the dungeon, and saw 2 of its levels.

You collected 96 gold pieces.

Inventory:

Hand weapons
 g - a +0,+0 club
 j - a +1,+0 elven spear
 r - a +2,+0 dwarven hand axe (weapon)
Armour
 f - a +2 elven leather armour (worn)
Comestibles
 d - 2 meat rations
 m - a pear
 o - a bread ration
Scrolls
 i - 2 scrolls of identify {unknown}
 k - a scroll of blinking {unknown}
 l - a scroll of magic mapping {unknown}
Jewellery
 h - a ring of protection from magic (left hand) {unknown}
Potions
 a - 2 potions of slowing
 b - a potion of curing
 e - a potion of agility
 n - a potion of degeneration {unknown}
 p - a potion of brilliance {unknown}


   Skills:
 + Level 2.7 Fighting
 + Level 1.2 Armour
 + Level 2.0 Dodging
 + Level 5.3 Invocations


You had 2 spell levels left.
You didn't know any spells.

Dungeon Overview and Level Annotations

Branches:
Dungeon (2/27)

Altars:

Annotations:
D:2 Sigmund


Innate Abilities, Weirdness & Mutations

You can tolerate rotten meat.


Message History

Drink which item? (? for menu, Esc to quit)
You feel much better. It hits you!
You miss it. It hits you.
You slash it! It barely misses you.
Drink which item? (? for menu, Esc to quit)
You feel more agile all of a sudden.
It was a potion of agility.
You barely miss it. It hits you but does no damage.
You completely miss it. It hits you but does no damage.
You miss it. It barely misses you.
You hit it. It hits you!
* * * LOW HITPOINT WARNING * * *
You barely miss it.
You hear some strange, mumbled words.
The puff of flame hits you!
Your scroll labeled JOJ CHAIXTEDE catches fire!
* * * LOW HITPOINT WARNING * * *
Drink which item? (? for menu, Esc to quit)
You feel yourself slow down.
It was a potion of slowing.
It hits you!
You die...

#............####.
#....####....# #.
#.. #....# #. ...
####....# #. #.#
##.#.###.# #. #.#
#.#.## #.# #. # #(#
##.#.# #.# #.
#.##.###.#.## #.# #.
#.S.@...#### ..# #.
......##....# ...
####.##....####.....
#................
#.###########.... #


You could see an adder.

Vanquished Creatures
  A giant gecko (D:1)
  3 bats (D:1)
  2 giant cockroaches (D:1)
  2 goblins (D:1)
  6 hobgoblins
  7 kobolds
  A giant newt (D:2)
  5 rats
27 creatures vanquished.

Notes
Turn   | Place    | Note
--------------------------------------------------------------
     0 | D:1      | Malachi, the Hill Orc Healer, began the quest for the Orb.
     0 | D:1      | Reached XP level 1. HP: 17/17 MP: 2/2
   382 | D:1      | Reached skill level 5 in Invocations
   553 | D:1      | Reached XP level 2. HP: 12/24 MP: 4/4
  1531 | D:2      | Reached skill level 1 in Armour
  1531 | D:2      | Reached XP level 3. HP: 30/30 MP: 6/6
  1861 | D:2      | Noticed Sigmund
  1882 | D:2      | Slain by Sigmund

Action                   || total
-------------------------++-------
Melee: Club              ||    84
       Unarmed           ||    14
       Spear             ||    67
       Hand axe          ||    11
Invok: Lesser Healing    ||     8
  Use: Potion            ||     3
